%YAML 1.1
%TAG !u! tag:unity3d.com,2011:
--- !u!1 &3972869291591020438
GameObject:
  m_ObjectHideFlags: 0
  m_CorrespondingSourceObject: {fileID: 0}
  m_PrefabInstance: {fileID: 0}
  m_PrefabAsset: {fileID: 0}
  serializedVersion: 6
  m_Component:
  - component: {fileID: 3972869291591020441}
  m_Layer: 0
  m_Name: Lavel0
  m_TagString: Untagged
  m_Icon: {fileID: 0}
  m_NavMeshLayer: 0
  m_StaticEditorFlags: 0
  m_IsActive: 1
--- !u!4 &3972869291591020441
Transform:
  m_ObjectHideFlags: 0
  m_CorrespondingSourceObject: {fileID: 0}
  m_PrefabInstance: {fileID: 0}
  m_PrefabAsset: {fileID: 0}
  m_GameObject: {fileID: 3972869291591020438}
  m_LocalRotation: {x: 0, y: 0, z: 0, w: 1}
  m_LocalPosition: {x: 18.483297, y: 13.2, z: 5.249254}
  m_LocalScale: {x: 1, y: 1, z: 1}
  m_Children:
  - {fileID: 1854220509509476028}
  - {fileID: 1854220509136533885}
  - {fileID: 1854220509464310063}
  - {fileID: 1854220508814601893}
  - {fileID: 1854220509918360777}
  - {fileID: 7967804234058568407}
  - {fileID: 5189725449121285453}
  - {fileID: 2491775650606227615}
  - {fileID: 1452108466830948064}
  - {fileID: 1773526819454136858}
  - {fileID: 2796439221034223893}
  - {fileID: 5927496460173694320}
  - {fileID: 2828463474880975015}
  - {fileID: 5557730753731205725}
  - {fileID: 7317246086823224642}
  m_Father: {fileID: 0}
  m_RootOrder: 0
  m_LocalEulerAnglesHint: {x: 0, y: 0, z: 0}
--- !u!1001 &600956288284006934
PrefabInstance:
  m_ObjectHideFlags: 0
  serializedVersion: 2
  m_Modification:
    m_TransformParent: {fileID: 3972869291591020441}
    m_Modifications:
    - target: {fileID: 1571269459160142636, guid: 8df045e38899f489ca6d34c110a907d5,
        type: 3}
      propertyPath: points
      value: 50
      objectReference: {fileID: 0}
    - target: {fileID: 3357983452719977219, guid: 8df045e38899f489ca6d34c110a907d5,
        type: 3}
      propertyPath: m_LocalPosition.x
      value: -26.5
      objectReference: {fileID: 0}
    - target: {fileID: 3357983452719977219, guid: 8df045e38899f489ca6d34c110a907d5,
        type: 3}
      propertyPath: m_LocalPosition.y
      value: 1.1
      objectReference: {fileID: 0}
    - target: {fileID: 3357983452719977219, guid: 8df045e38899f489ca6d34c110a907d5,
        type: 3}
      propertyPath: m_LocalPosition.z
      value: -5.249254
      objectReference: {fileID: 0}
    - target: {fileID: 3357983452719977219, guid: 8df045e38899f489ca6d34c110a907d5,
        type: 3}
      propertyPath: m_LocalRotation.x
      value: -0
      objectReference: {fileID: 0}
    - target: {fileID: 3357983452719977219, guid: 8df045e38899f489ca6d34c110a907d5,
        type: 3}
      propertyPath: m_LocalRotation.y
      value: -0
      objectReference: {fileID: 0}
    - target: {fileID: 3357983452719977219, guid: 8df045e38899f489ca6d34c110a907d5,
        type: 3}
      propertyPath: m_LocalRotation.z
      value: -0
      objectReference: {fileID: 0}
    - target: {fileID: 3357983452719977219, guid: 8df045e38899f489ca6d34c110a907d5,
        type: 3}
      propertyPath: m_LocalRotation.w
      value: 1
      objectReference: {fileID: 0}
    - target: {fileID: 3357983452719977219, guid: 8df045e38899f489ca6d34c110a907d5,
        type: 3}
      propertyPath: m_RootOrder
      value: 10
      objectReference: {fileID: 0}
    - target: {fileID: 3357983452719977219, guid: 8df045e38899f489ca6d34c110a907d5,
        type: 3}
      propertyPath: m_LocalEulerAnglesHint.x
      value: 0
      objectReference: {fileID: 0}
    - target: {fileID: 3357983452719977219, guid: 8df045e38899f489ca6d34c110a907d5,
        type: 3}
      propertyPath: m_LocalEulerAnglesHint.y
      value: 0
      objectReference: {fileID: 0}
    - target: {fileID: 3357983452719977219, guid: 8df045e38899f489ca6d34c110a907d5,
        type: 3}
      propertyPath: m_LocalEulerAnglesHint.z
      value: 0
      objectReference: {fileID: 0}
    - target: {fileID: 5490649941159831783, guid: 8df045e38899f489ca6d34c110a907d5,
        type: 3}
      propertyPath: m_Name
      value: Brick (14)
      objectReference: {fileID: 0}
    m_RemovedComponents: []
  m_SourcePrefab: {fileID: 100100000, guid: 8df045e38899f489ca6d34c110a907d5, type: 3}
--- !u!4 &2796439221034223893 stripped
Transform:
  m_CorrespondingSourceObject: {fileID: 3357983452719977219, guid: 8df045e38899f489ca6d34c110a907d5,
    type: 3}
  m_PrefabInstance: {fileID: 600956288284006934}
  m_PrefabAsset: {fileID: 0}
--- !u!1001 &709682682563462052
PrefabInstance:
  m_ObjectHideFlags: 0
  serializedVersion: 2
  m_Modification:
    m_TransformParent: {fileID: 3972869291591020441}
    m_Modifications:
    - target: {fileID: 1571269459160142636, guid: 8df045e38899f489ca6d34c110a907d5,
        type: 3}
      propertyPath: points
      value: 50
      objectReference: {fileID: 0}
    - target: {fileID: 3357983452719977219, guid: 8df045e38899f489ca6d34c110a907d5,
        type: 3}
      propertyPath: m_LocalPosition.x
      value: -15.3
      objectReference: {fileID: 0}
    - target: {fileID: 3357983452719977219, guid: 8df045e38899f489ca6d34c110a907d5,
        type: 3}
      propertyPath: m_LocalPosition.y
      value: 1.2000005
      objectReference: {fileID: 0}
    - target: {fileID: 3357983452719977219, guid: 8df045e38899f489ca6d34c110a907d5,
        type: 3}
      propertyPath: m_LocalPosition.z
      value: -5.249254
      objectReference: {fileID: 0}
    - target: {fileID: 3357983452719977219, guid: 8df045e38899f489ca6d34c110a907d5,
        type: 3}
      propertyPath: m_LocalRotation.x
      value: -0
      objectReference: {fileID: 0}
    - target: {fileID: 3357983452719977219, guid: 8df045e38899f489ca6d34c110a907d5,
        type: 3}
      propertyPath: m_LocalRotation.y
      value: -0
      objectReference: {fileID: 0}
    - target: {fileID: 3357983452719977219, guid: 8df045e38899f489ca6d34c110a907d5,
        type: 3}
      propertyPath: m_LocalRotation.z
      value: -0
      objectReference: {fileID: 0}
    - target: {fileID: 3357983452719977219, guid: 8df045e38899f489ca6d34c110a907d5,
        type: 3}
      propertyPath: m_LocalRotation.w
      value: 1
      objectReference: {fileID: 0}
    - target: {fileID: 3357983452719977219, guid: 8df045e38899f489ca6d34c110a907d5,
        type: 3}
      propertyPath: m_RootOrder
      value: 12
      objectReference: {fileID: 0}
    - target: {fileID: 3357983452719977219, guid: 8df045e38899f489ca6d34c110a907d5,
        type: 3}
      propertyPath: m_LocalEulerAnglesHint.x
      value: 0
      objectReference: {fileID: 0}
    - target: {fileID: 3357983452719977219, guid: 8df045e38899f489ca6d34c110a907d5,
        type: 3}
      propertyPath: m_LocalEulerAnglesHint.y
      value: 0
      objectReference: {fileID: 0}
    - target: {fileID: 3357983452719977219, guid: 8df045e38899f489ca6d34c110a907d5,
        type: 3}
      propertyPath: m_LocalEulerAnglesHint.z
      value: 0
      objectReference: {fileID: 0}
    - target: {fileID: 5490649941159831783, guid: 8df045e38899f489ca6d34c110a907d5,
        type: 3}
      propertyPath: m_Name
      value: Brick (16)
      objectReference: {fileID: 0}
    m_RemovedComponents: []
  m_SourcePrefab: {fileID: 100100000, guid: 8df045e38899f489ca6d34c110a907d5, type: 3}
--- !u!4 &2828463474880975015 stripped
Transform:
  m_CorrespondingSourceObject: {fileID: 3357983452719977219, guid: 8df045e38899f489ca6d34c110a907d5,
    type: 3}
  m_PrefabInstance: {fileID: 709682682563462052}
  m_PrefabAsset: {fileID: 0}
--- !u!1001 &868461251810407324
PrefabInstance:
  m_ObjectHideFlags: 0
  serializedVersion: 2
  m_Modification:
    m_TransformParent: {fileID: 3972869291591020441}
    m_Modifications:
    - target: {fileID: 1571269459160142636, guid: 8df045e38899f489ca6d34c110a907d5,
        type: 3}
      propertyPath: points
      value: 50
      objectReference: {fileID: 0}
    - target: {fileID: 3357983452719977219, guid: 8df045e38899f489ca6d34c110a907d5,
        type: 3}
      propertyPath: m_LocalPosition.x
      value: -15.3
      objectReference: {fileID: 0}
    - target: {fileID: 3357983452719977219, guid: 8df045e38899f489ca6d34c110a907d5,
        type: 3}
      propertyPath: m_LocalPosition.y
      value: -2.5999997
      objectReference: {fileID: 0}
    - target: {fileID: 3357983452719977219, guid: 8df045e38899f489ca6d34c110a907d5,
        type: 3}
      propertyPath: m_LocalPosition.z
      value: -5.249254
      objectReference: {fileID: 0}
    - target: {fileID: 3357983452719977219, guid: 8df045e38899f489ca6d34c110a907d5,
        type: 3}
      propertyPath: m_LocalRotation.x
      value: -0
      objectReference: {fileID: 0}
    - target: {fileID: 3357983452719977219, guid: 8df045e38899f489ca6d34c110a907d5,
        type: 3}
      propertyPath: m_LocalRotation.y
      value: -0
      objectReference: {fileID: 0}
    - target: {fileID: 3357983452719977219, guid: 8df045e38899f489ca6d34c110a907d5,
        type: 3}
      propertyPath: m_LocalRotation.z
      value: -0
      objectReference: {fileID: 0}
    - target: {fileID: 3357983452719977219, guid: 8df045e38899f489ca6d34c110a907d5,
        type: 3}
      propertyPath: m_LocalRotation.w
      value: 1
      objectReference: {fileID: 0}
    - target: {fileID: 3357983452719977219, guid: 8df045e38899f489ca6d34c110a907d5,
        type: 3}
      propertyPath: m_RootOrder
      value: 7
      objectReference: {fileID: 0}
    - target: {fileID: 3357983452719977219, guid: 8df045e38899f489ca6d34c110a907d5,
        type: 3}
      propertyPath: m_LocalEulerAnglesHint.x
      value: 0
      objectReference: {fileID: 0}
    - target: {fileID: 3357983452719977219, guid: 8df045e38899f489ca6d34c110a907d5,
        type: 3}
      propertyPath: m_LocalEulerAnglesHint.y
      value: 0
      objectReference: {fileID: 0}
    - target: {fileID: 3357983452719977219, guid: 8df045e38899f489ca6d34c110a907d5,
        type: 3}
      propertyPath: m_LocalEulerAnglesHint.z
      value: 0
      objectReference: {fileID: 0}
    - target: {fileID: 5490649941159831783, guid: 8df045e38899f489ca6d34c110a907d5,
        type: 3}
      propertyPath: m_Name
      value: Brick (11)
      objectReference: {fileID: 0}
    m_RemovedComponents: []
  m_SourcePrefab: {fileID: 100100000, guid: 8df045e38899f489ca6d34c110a907d5, type: 3}
--- !u!4 &2491775650606227615 stripped
Transform:
  m_CorrespondingSourceObject: {fileID: 3357983452719977219, guid: 8df045e38899f489ca6d34c110a907d5,
    type: 3}
  m_PrefabInstance: {fileID: 868461251810407324}
  m_PrefabAsset: {fileID: 0}
--- !u!1001 &3892553832448827673
PrefabInstance:
  m_ObjectHideFlags: 0
  serializedVersion: 2
  m_Modification:
    m_TransformParent: {fileID: 3972869291591020441}
    m_Modifications:
    - target: {fileID: 1571269459160142636, guid: 8df045e38899f489ca6d34c110a907d5,
        type: 3}
      propertyPath: points
      value: 50
      objectReference: {fileID: 0}
    - target: {fileID: 3357983452719977219, guid: 8df045e38899f489ca6d34c110a907d5,
        type: 3}
      propertyPath: m_LocalPosition.x
      value: -11.6
      objectReference: {fileID: 0}
    - target: {fileID: 3357983452719977219, guid: 8df045e38899f489ca6d34c110a907d5,
        type: 3}
      propertyPath: m_LocalPosition.y
      value: -2.7
      objectReference: {fileID: 0}
    - target: {fileID: 3357983452719977219, guid: 8df045e38899f489ca6d34c110a907d5,
        type: 3}
      propertyPath: m_LocalPosition.z
      value: -5.249254
      objectReference: {fileID: 0}
    - target: {fileID: 3357983452719977219, guid: 8df045e38899f489ca6d34c110a907d5,
        type: 3}
      propertyPath: m_LocalRotation.x
      value: -0
      objectReference: {fileID: 0}
    - target: {fileID: 3357983452719977219, guid: 8df045e38899f489ca6d34c110a907d5,
        type: 3}
      propertyPath: m_LocalRotation.y
      value: -0
      objectReference: {fileID: 0}
    - target: {fileID: 3357983452719977219, guid: 8df045e38899f489ca6d34c110a907d5,
        type: 3}
      propertyPath: m_LocalRotation.z
      value: -0
      objectReference: {fileID: 0}
    - target: {fileID: 3357983452719977219, guid: 8df045e38899f489ca6d34c110a907d5,
        type: 3}
      propertyPath: m_LocalRotation.w
      value: 1
      objectReference: {fileID: 0}
    - target: {fileID: 3357983452719977219, guid: 8df045e38899f489ca6d34c110a907d5,
        type: 3}
      propertyPath: m_RootOrder
      value: 9
      objectReference: {fileID: 0}
    - target: {fileID: 3357983452719977219, guid: 8df045e38899f489ca6d34c110a907d5,
        type: 3}
      propertyPath: m_LocalEulerAnglesHint.x
      value: 0
      objectReference: {fileID: 0}
    - target: {fileID: 3357983452719977219, guid: 8df045e38899f489ca6d34c110a907d5,
        type: 3}
      propertyPath: m_LocalEulerAnglesHint.y
      value: 0
      objectReference: {fileID: 0}
    - target: {fileID: 3357983452719977219, guid: 8df045e38899f489ca6d34c110a907d5,
        type: 3}
      propertyPath: m_LocalEulerAnglesHint.z
      value: 0
      objectReference: {fileID: 0}
    - target: {fileID: 5490649941159831783, guid: 8df045e38899f489ca6d34c110a907d5,
        type: 3}
      propertyPath: m_Name
      value: Brick (13)
      objectReference: {fileID: 0}
    m_RemovedComponents: []
  m_SourcePrefab: {fileID: 100100000, guid: 8df045e38899f489ca6d34c110a907d5, type: 3}
--- !u!4 &1773526819454136858 stripped
Transform:
  m_CorrespondingSourceObject: {fileID: 3357983452719977219, guid: 8df045e38899f489ca6d34c110a907d5,
    type: 3}
  m_PrefabInstance: {fileID: 3892553832448827673}
  m_PrefabAsset: {fileID: 0}
--- !u!1001 &3972869290671852991
PrefabInstance:
  m_ObjectHideFlags: 0
  serializedVersion: 2
  m_Modification:
    m_TransformParent: {fileID: 3972869291591020441}
    m_Modifications:
    - target: {fileID: 1571269459160142636, guid: 8df045e38899f489ca6d34c110a907d5,
        type: 3}
      propertyPath: points
      value: 50
      objectReference: {fileID: 0}
    - target: {fileID: 3357983452719977219, guid: 8df045e38899f489ca6d34c110a907d5,
        type: 3}
      propertyPath: m_LocalPosition.x
      value: -26.5
      objectReference: {fileID: 0}
    - target: {fileID: 3357983452719977219, guid: 8df045e38899f489ca6d34c110a907d5,
        type: 3}
      propertyPath: m_LocalPosition.y
      value: -0.8
      objectReference: {fileID: 0}
    - target: {fileID: 3357983452719977219, guid: 8df045e38899f489ca6d34c110a907d5,
        type: 3}
      propertyPath: m_LocalPosition.z
      value: -5.249254
      objectReference: {fileID: 0}
    - target: {fileID: 3357983452719977219, guid: 8df045e38899f489ca6d34c110a907d5,
        type: 3}
      propertyPath: m_LocalRotation.x
      value: -0
      objectReference: {fileID: 0}
    - target: {fileID: 3357983452719977219, guid: 8df045e38899f489ca6d34c110a907d5,
        type: 3}
      propertyPath: m_LocalRotation.y
      value: -0
      objectReference: {fileID: 0}
    - target: {fileID: 3357983452719977219, guid: 8df045e38899f489ca6d34c110a907d5,
        type: 3}
      propertyPath: m_LocalRotation.z
      value: -0
      objectReference: {fileID: 0}
    - target: {fileID: 3357983452719977219, guid: 8df045e38899f489ca6d34c110a907d5,
        type: 3}
      propertyPath: m_LocalRotation.w
      value: 1
      objectReference: {fileID: 0}
    - target: {fileID: 3357983452719977219, guid: 8df045e38899f489ca6d34c110a907d5,
        type: 3}
      propertyPath: m_RootOrder
      value: 0
      objectReference: {fileID: 0}
    - target: {fileID: 3357983452719977219, guid: 8df045e38899f489ca6d34c110a907d5,
        type: 3}
      propertyPath: m_LocalEulerAnglesHint.x
      value: 0
      objectReference: {fileID: 0}
    - target: {fileID: 3357983452719977219, guid: 8df045e38899f489ca6d34c110a907d5,
        type: 3}
      propertyPath: m_LocalEulerAnglesHint.y
      value: 0
      objectReference: {fileID: 0}
    - target: {fileID: 3357983452719977219, guid: 8df045e38899f489ca6d34c110a907d5,
        type: 3}
      propertyPath: m_LocalEulerAnglesHint.z
      value: 0
      objectReference: {fileID: 0}
    - target: {fileID: 5490649941159831783, guid: 8df045e38899f489ca6d34c110a907d5,
        type: 3}
      propertyPath: m_Name
      value: Brick (4)
      objectReference: {fileID: 0}
    m_RemovedComponents: []
  m_SourcePrefab: {fileID: 100100000, guid: 8df045e38899f489ca6d34c110a907d5, type: 3}
--- !u!4 &1854220509509476028 stripped
Transform:
  m_CorrespondingSourceObject: {fileID: 3357983452719977219, guid: 8df045e38899f489ca6d34c110a907d5,
    type: 3}
  m_PrefabInstance: {fileID: 3972869290671852991}
  m_PrefabAsset: {fileID: 0}
--- !u!1001 &3972869290727481900
PrefabInstance:
  m_ObjectHideFlags: 0
  serializedVersion: 2
  m_Modification:
    m_TransformParent: {fileID: 3972869291591020441}
    m_Modifications:
    - target: {fileID: 1571269459160142636, guid: 8df045e38899f489ca6d34c110a907d5,
        type: 3}
      propertyPath: points
      value: 50
      objectReference: {fileID: 0}
    - target: {fileID: 3357983452719977219, guid: 8df045e38899f489ca6d34c110a907d5,
        type: 3}
      propertyPath: m_LocalPosition.x
      value: -15.3
      objectReference: {fileID: 0}
    - target: {fileID: 3357983452719977219, guid: 8df045e38899f489ca6d34c110a907d5,
        type: 3}
      propertyPath: m_LocalPosition.y
      value: -0.7
      objectReference: {fileID: 0}
    - target: {fileID: 3357983452719977219, guid: 8df045e38899f489ca6d34c110a907d5,
        type: 3}
      propertyPath: m_LocalPosition.z
      value: -5.249254
      objectReference: {fileID: 0}
    - target: {fileID: 3357983452719977219, guid: 8df045e38899f489ca6d34c110a907d5,
        type: 3}
      propertyPath: m_LocalRotation.x
      value: -0
      objectReference: {fileID: 0}
    - target: {fileID: 3357983452719977219, guid: 8df045e38899f489ca6d34c110a907d5,
        type: 3}
      propertyPath: m_LocalRotation.y
      value: -0
      objectReference: {fileID: 0}
    - target: {fileID: 3357983452719977219, guid: 8df045e38899f489ca6d34c110a907d5,
        type: 3}
      propertyPath: m_LocalRotation.z
      value: -0
      objectReference: {fileID: 0}
    - target: {fileID: 3357983452719977219, guid: 8df045e38899f489ca6d34c110a907d5,
        type: 3}
      propertyPath: m_LocalRotation.w
      value: 1
      objectReference: {fileID: 0}
    - target: {fileID: 3357983452719977219, guid: 8df045e38899f489ca6d34c110a907d5,
        type: 3}
      propertyPath: m_RootOrder
      value: 2
      objectReference: {fileID: 0}
    - target: {fileID: 3357983452719977219, guid: 8df045e38899f489ca6d34c110a907d5,
        type: 3}
      propertyPath: m_LocalEulerAnglesHint.x
      value: 0
      objectReference: {fileID: 0}
    - target: {fileID: 3357983452719977219, guid: 8df045e38899f489ca6d34c110a907d5,
        type: 3}
      propertyPath: m_LocalEulerAnglesHint.y
      value: 0
      objectReference: {fileID: 0}
    - target: {fileID: 3357983452719977219, guid: 8df045e38899f489ca6d34c110a907d5,
        type: 3}
      propertyPath: m_LocalEulerAnglesHint.z
      value: 0
      objectReference: {fileID: 0}
    - target: {fileID: 5490649941159831783, guid: 8df045e38899f489ca6d34c110a907d5,
        type: 3}
      propertyPath: m_Name
      value: Brick (6)
      objectReference: {fileID: 0}
    m_RemovedComponents: []
  m_SourcePrefab: {fileID: 100100000, guid: 8df045e38899f489ca6d34c110a907d5, type: 3}
--- !u!4 &1854220509464310063 stripped
Transform:
  m_CorrespondingSourceObject: {fileID: 3357983452719977219, guid: 8df045e38899f489ca6d34c110a907d5,
    type: 3}
  m_PrefabInstance: {fileID: 3972869290727481900}
  m_PrefabAsset: {fileID: 0}
--- !u!1001 &3972869290882825638
PrefabInstance:
  m_ObjectHideFlags: 0
  serializedVersion: 2
  m_Modification:
    m_TransformParent: {fileID: 3972869291591020441}
    m_Modifications:
    - target: {fileID: 1571269459160142636, guid: 8df045e38899f489ca6d34c110a907d5,
        type: 3}
      propertyPath: points
      value: 50
      objectReference: {fileID: 0}
    - target: {fileID: 3357983452719977219, guid: 8df045e38899f489ca6d34c110a907d5,
        type: 3}
      propertyPath: m_LocalPosition.x
      value: -19.1
      objectReference: {fileID: 0}
    - target: {fileID: 3357983452719977219, guid: 8df045e38899f489ca6d34c110a907d5,
        type: 3}
      propertyPath: m_LocalPosition.y
      value: -0.7
      objectReference: {fileID: 0}
    - target: {fileID: 3357983452719977219, guid: 8df045e38899f489ca6d34c110a907d5,
        type: 3}
      propertyPath: m_LocalPosition.z
      value: -5.249254
      objectReference: {fileID: 0}
    - target: {fileID: 3357983452719977219, guid: 8df045e38899f489ca6d34c110a907d5,
        type: 3}
      propertyPath: m_LocalRotation.x
      value: -0
      objectReference: {fileID: 0}
    - target: {fileID: 3357983452719977219, guid: 8df045e38899f489ca6d34c110a907d5,
        type: 3}
      propertyPath: m_LocalRotation.y
      value: -0
      objectReference: {fileID: 0}
    - target: {fileID: 3357983452719977219, guid: 8df045e38899f489ca6d34c110a907d5,
        type: 3}
      propertyPath: m_LocalRotation.z
      value: -0
      objectReference: {fileID: 0}
    - target: {fileID: 3357983452719977219, guid: 8df045e38899f489ca6d34c110a907d5,
        type: 3}
      propertyPath: m_LocalRotation.w
      value: 1
      objectReference: {fileID: 0}
    - target: {fileID: 3357983452719977219, guid: 8df045e38899f489ca6d34c110a907d5,
        type: 3}
      propertyPath: m_RootOrder
      value: 3
      objectReference: {fileID: 0}
    - target: {fileID: 3357983452719977219, guid: 8df045e38899f489ca6d34c110a907d5,
        type: 3}
      propertyPath: m_LocalEulerAnglesHint.x
      value: 0
      objectReference: {fileID: 0}
    - target: {fileID: 3357983452719977219, guid: 8df045e38899f489ca6d34c110a907d5,
        type: 3}
      propertyPath: m_LocalEulerAnglesHint.y
      value: 0
      objectReference: {fileID: 0}
    - target: {fileID: 3357983452719977219, guid: 8df045e38899f489ca6d34c110a907d5,
        type: 3}
      propertyPath: m_LocalEulerAnglesHint.z
      value: 0
      objectReference: {fileID: 0}
    - target: {fileID: 5490649941159831783, guid: 8df045e38899f489ca6d34c110a907d5,
        type: 3}
      propertyPath: m_Name
      value: Brick (7)
      objectReference: {fileID: 0}
    m_RemovedComponents: []
  m_SourcePrefab: {fileID: 100100000, guid: 8df045e38899f489ca6d34c110a907d5, type: 3}
--- !u!4 &1854220508814601893 stripped
Transform:
  m_CorrespondingSourceObject: {fileID: 3357983452719977219, guid: 8df045e38899f489ca6d34c110a907d5,
    type: 3}
  m_PrefabInstance: {fileID: 3972869290882825638}
  m_PrefabAsset: {fileID: 0}
--- !u!1001 &3972869291104021118
PrefabInstance:
  m_ObjectHideFlags: 0
  serializedVersion: 2
  m_Modification:
    m_TransformParent: {fileID: 3972869291591020441}
    m_Modifications:
    - target: {fileID: 1571269459160142636, guid: 8df045e38899f489ca6d34c110a907d5,
        type: 3}
      propertyPath: points
      value: 50
      objectReference: {fileID: 0}
    - target: {fileID: 3357983452719977219, guid: 8df045e38899f489ca6d34c110a907d5,
        type: 3}
      propertyPath: m_LocalPosition.x
      value: -22.7
      objectReference: {fileID: 0}
    - target: {fileID: 3357983452719977219, guid: 8df045e38899f489ca6d34c110a907d5,
        type: 3}
      propertyPath: m_LocalPosition.y
      value: -0.7
      objectReference: {fileID: 0}
    - target: {fileID: 3357983452719977219, guid: 8df045e38899f489ca6d34c110a907d5,
        type: 3}
      propertyPath: m_LocalPosition.z
      value: -5.249254
      objectReference: {fileID: 0}
    - target: {fileID: 3357983452719977219, guid: 8df045e38899f489ca6d34c110a907d5,
        type: 3}
      propertyPath: m_LocalRotation.x
      value: -0
      objectReference: {fileID: 0}
    - target: {fileID: 3357983452719977219, guid: 8df045e38899f489ca6d34c110a907d5,
        type: 3}
      propertyPath: m_LocalRotation.y
      value: -0
      objectReference: {fileID: 0}
    - target: {fileID: 3357983452719977219, guid: 8df045e38899f489ca6d34c110a907d5,
        type: 3}
      propertyPath: m_LocalRotation.z
      value: -0
      objectReference: {fileID: 0}
    - target: {fileID: 3357983452719977219, guid: 8df045e38899f489ca6d34c110a907d5,
        type: 3}
      propertyPath: m_LocalRotation.w
      value: 1
      objectReference: {fileID: 0}
    - target: {fileID: 3357983452719977219, guid: 8df045e38899f489ca6d34c110a907d5,
        type: 3}
      propertyPath: m_RootOrder
      value: 1
      objectReference: {fileID: 0}
    - target: {fileID: 3357983452719977219, guid: 8df045e38899f489ca6d34c110a907d5,
        type: 3}
      propertyPath: m_LocalEulerAnglesHint.x
      value: 0
      objectReference: {fileID: 0}
    - target: {fileID: 3357983452719977219, guid: 8df045e38899f489ca6d34c110a907d5,
        type: 3}
      propertyPath: m_LocalEulerAnglesHint.y
      value: 0
      objectReference: {fileID: 0}
    - target: {fileID: 3357983452719977219, guid: 8df045e38899f489ca6d34c110a907d5,
        type: 3}
      propertyPath: m_LocalEulerAnglesHint.z
      value: 0
      objectReference: {fileID: 0}
    - target: {fileID: 5490649941159831783, guid: 8df045e38899f489ca6d34c110a907d5,
        type: 3}
      propertyPath: m_Name
      value: Brick (5)
      objectReference: {fileID: 0}
    m_RemovedComponents: []
  m_SourcePrefab: {fileID: 100100000, guid: 8df045e38899f489ca6d34c110a907d5, type: 3}
--- !u!4 &1854220509136533885 stripped
Transform:
  m_CorrespondingSourceObject: {fileID: 3357983452719977219, guid: 8df045e38899f489ca6d34c110a907d5,
    type: 3}
  m_PrefabInstance: {fileID: 3972869291104021118}
  m_PrefabAsset: {fileID: 0}
--- !u!1001 &3972869291886176202
PrefabInstance:
  m_ObjectHideFlags: 0
  serializedVersion: 2
  m_Modification:
    m_TransformParent: {fileID: 3972869291591020441}
    m_Modifications:
    - target: {fileID: 1571269459160142636, guid: 8df045e38899f489ca6d34c110a907d5,
        type: 3}
      propertyPath: points
      value: 50
      objectReference: {fileID: 0}
    - target: {fileID: 3357983452719977219, guid: 8df045e38899f489ca6d34c110a907d5,
        type: 3}
      propertyPath: m_LocalPosition.x
      value: -11.6
      objectReference: {fileID: 0}
    - target: {fileID: 3357983452719977219, guid: 8df045e38899f489ca6d34c110a907d5,
        type: 3}
      propertyPath: m_LocalPosition.y
      value: -0.8
      objectReference: {fileID: 0}
    - target: {fileID: 3357983452719977219, guid: 8df045e38899f489ca6d34c110a907d5,
        type: 3}
      propertyPath: m_LocalPosition.z
      value: -5.249254
      objectReference: {fileID: 0}
    - target: {fileID: 3357983452719977219, guid: 8df045e38899f489ca6d34c110a907d5,
        type: 3}
      propertyPath: m_LocalRotation.x
      value: -0
      objectReference: {fileID: 0}
    - target: {fileID: 3357983452719977219, guid: 8df045e38899f489ca6d34c110a907d5,
        type: 3}
      propertyPath: m_LocalRotation.y
      value: -0
      objectReference: {fileID: 0}
    - target: {fileID: 3357983452719977219, guid: 8df045e38899f489ca6d34c110a907d5,
        type: 3}
      propertyPath: m_LocalRotation.z
      value: -0
      objectReference: {fileID: 0}
    - target: {fileID: 3357983452719977219, guid: 8df045e38899f489ca6d34c110a907d5,
        type: 3}
      propertyPath: m_LocalRotation.w
      value: 1
      objectReference: {fileID: 0}
    - target: {fileID: 3357983452719977219, guid: 8df045e38899f489ca6d34c110a907d5,
        type: 3}
      propertyPath: m_RootOrder
      value: 4
      objectReference: {fileID: 0}
    - target: {fileID: 3357983452719977219, guid: 8df045e38899f489ca6d34c110a907d5,
        type: 3}
      propertyPath: m_LocalEulerAnglesHint.x
      value: 0
      objectReference: {fileID: 0}
    - target: {fileID: 3357983452719977219, guid: 8df045e38899f489ca6d34c110a907d5,
        type: 3}
      propertyPath: m_LocalEulerAnglesHint.y
      value: 0
      objectReference: {fileID: 0}
    - target: {fileID: 3357983452719977219, guid: 8df045e38899f489ca6d34c110a907d5,
        type: 3}
      propertyPath: m_LocalEulerAnglesHint.z
      value: 0
      objectReference: {fileID: 0}
    - target: {fileID: 5490649941159831783, guid: 8df045e38899f489ca6d34c110a907d5,
        type: 3}
      propertyPath: m_Name
      value: Brick (8)
      objectReference: {fileID: 0}
    m_RemovedComponents: []
  m_SourcePrefab: {fileID: 100100000, guid: 8df045e38899f489ca6d34c110a907d5, type: 3}
--- !u!4 &1854220509918360777 stripped
Transform:
  m_CorrespondingSourceObject: {fileID: 3357983452719977219, guid: 8df045e38899f489ca6d34c110a907d5,
    type: 3}
  m_PrefabInstance: {fileID: 3972869291886176202}
  m_PrefabAsset: {fileID: 0}
--- !u!1001 &4233129509295498723
PrefabInstance:
  m_ObjectHideFlags: 0
  serializedVersion: 2
  m_Modification:
    m_TransformParent: {fileID: 3972869291591020441}
    m_Modifications:
    - target: {fileID: 1571269459160142636, guid: 8df045e38899f489ca6d34c110a907d5,
        type: 3}
      propertyPath: points
      value: 50
      objectReference: {fileID: 0}
    - target: {fileID: 3357983452719977219, guid: 8df045e38899f489ca6d34c110a907d5,
        type: 3}
      propertyPath: m_LocalPosition.x
      value: -19.1
      objectReference: {fileID: 0}
    - target: {fileID: 3357983452719977219, guid: 8df045e38899f489ca6d34c110a907d5,
        type: 3}
      propertyPath: m_LocalPosition.y
      value: -2.5999997
      objectReference: {fileID: 0}
    - target: {fileID: 3357983452719977219, guid: 8df045e38899f489ca6d34c110a907d5,
        type: 3}
      propertyPath: m_LocalPosition.z
      value: -5.249254
      objectReference: {fileID: 0}
    - target: {fileID: 3357983452719977219, guid: 8df045e38899f489ca6d34c110a907d5,
        type: 3}
      propertyPath: m_LocalRotation.x
      value: -0
      objectReference: {fileID: 0}
    - target: {fileID: 3357983452719977219, guid: 8df045e38899f489ca6d34c110a907d5,
        type: 3}
      propertyPath: m_LocalRotation.y
      value: -0
      objectReference: {fileID: 0}
    - target: {fileID: 3357983452719977219, guid: 8df045e38899f489ca6d34c110a907d5,
        type: 3}
      propertyPath: m_LocalRotation.z
      value: -0
      objectReference: {fileID: 0}
    - target: {fileID: 3357983452719977219, guid: 8df045e38899f489ca6d34c110a907d5,
        type: 3}
      propertyPath: m_LocalRotation.w
      value: 1
      objectReference: {fileID: 0}
    - target: {fileID: 3357983452719977219, guid: 8df045e38899f489ca6d34c110a907d5,
        type: 3}
      propertyPath: m_RootOrder
      value: 8
      objectReference: {fileID: 0}
    - target: {fileID: 3357983452719977219, guid: 8df045e38899f489ca6d34c110a907d5,
        type: 3}
      propertyPath: m_LocalEulerAnglesHint.x
      value: 0
      objectReference: {fileID: 0}
    - target: {fileID: 3357983452719977219, guid: 8df045e38899f489ca6d34c110a907d5,
        type: 3}
      propertyPath: m_LocalEulerAnglesHint.y
      value: 0
      objectReference: {fileID: 0}
    - target: {fileID: 3357983452719977219, guid: 8df045e38899f489ca6d34c110a907d5,
        type: 3}
      propertyPath: m_LocalEulerAnglesHint.z
      value: 0
      objectReference: {fileID: 0}
    - target: {fileID: 5490649941159831783, guid: 8df045e38899f489ca6d34c110a907d5,
        type: 3}
      propertyPath: m_Name
      value: Brick (12)
      objectReference: {fileID: 0}
    m_RemovedComponents: []
  m_SourcePrefab: {fileID: 100100000, guid: 8df045e38899f489ca6d34c110a907d5, type: 3}
--- !u!4 &1452108466830948064 stripped
Transform:
  m_CorrespondingSourceObject: {fileID: 3357983452719977219, guid: 8df045e38899f489ca6d34c110a907d5,
    type: 3}
  m_PrefabInstance: {fileID: 4233129509295498723}
  m_PrefabAsset: {fileID: 0}
--- !u!1001 &4614685026584986068
PrefabInstance:
  m_ObjectHideFlags: 0
  serializedVersion: 2
  m_Modification:
    m_TransformParent: {fileID: 3972869291591020441}
    m_Modifications:
    - target: {fileID: 1571269459160142636, guid: 8df045e38899f489ca6d34c110a907d5,
        type: 3}
      propertyPath: points
      value: 50
      objectReference: {fileID: 0}
    - target: {fileID: 3357983452719977219, guid: 8df045e38899f489ca6d34c110a907d5,
        type: 3}
      propertyPath: m_LocalPosition.x
      value: -26.5
      objectReference: {fileID: 0}
    - target: {fileID: 3357983452719977219, guid: 8df045e38899f489ca6d34c110a907d5,
        type: 3}
      propertyPath: m_LocalPosition.y
      value: -2.6999996
      objectReference: {fileID: 0}
    - target: {fileID: 3357983452719977219, guid: 8df045e38899f489ca6d34c110a907d5,
        type: 3}
      propertyPath: m_LocalPosition.z
      value: -5.249254
      objectReference: {fileID: 0}
    - target: {fileID: 3357983452719977219, guid: 8df045e38899f489ca6d34c110a907d5,
        type: 3}
      propertyPath: m_LocalRotation.x
      value: -0
      objectReference: {fileID: 0}
    - target: {fileID: 3357983452719977219, guid: 8df045e38899f489ca6d34c110a907d5,
        type: 3}
      propertyPath: m_LocalRotation.y
      value: -0
      objectReference: {fileID: 0}
    - target: {fileID: 3357983452719977219, guid: 8df045e38899f489ca6d34c110a907d5,
        type: 3}
      propertyPath: m_LocalRotation.z
      value: -0
      objectReference: {fileID: 0}
    - target: {fileID: 3357983452719977219, guid: 8df045e38899f489ca6d34c110a907d5,
        type: 3}
      propertyPath: m_LocalRotation.w
      value: 1
      objectReference: {fileID: 0}
    - target: {fileID: 3357983452719977219, guid: 8df045e38899f489ca6d34c110a907d5,
        type: 3}
      propertyPath: m_RootOrder
      value: 5
      objectReference: {fileID: 0}
    - target: {fileID: 3357983452719977219, guid: 8df045e38899f489ca6d34c110a907d5,
        type: 3}
      propertyPath: m_LocalEulerAnglesHint.x
      value: 0
      objectReference: {fileID: 0}
    - target: {fileID: 3357983452719977219, guid: 8df045e38899f489ca6d34c110a907d5,
        type: 3}
      propertyPath: m_LocalEulerAnglesHint.y
      value: 0
      objectReference: {fileID: 0}
    - target: {fileID: 3357983452719977219, guid: 8df045e38899f489ca6d34c110a907d5,
        type: 3}
      propertyPath: m_LocalEulerAnglesHint.z
      value: 0
      objectReference: {fileID: 0}
    - target: {fileID: 5490649941159831783, guid: 8df045e38899f489ca6d34c110a907d5,
        type: 3}
      propertyPath: m_Name
      value: Brick (9)
      objectReference: {fileID: 0}
    m_RemovedComponents: []
  m_SourcePrefab: {fileID: 100100000, guid: 8df045e38899f489ca6d34c110a907d5, type: 3}
--- !u!4 &7967804234058568407 stripped
Transform:
  m_CorrespondingSourceObject: {fileID: 3357983452719977219, guid: 8df045e38899f489ca6d34c110a907d5,
    type: 3}
  m_PrefabInstance: {fileID: 4614685026584986068}
  m_PrefabAsset: {fileID: 0}
--- !u!1001 &5410477524586378817
PrefabInstance:
  m_ObjectHideFlags: 0
  serializedVersion: 2
  m_Modification:
    m_TransformParent: {fileID: 3972869291591020441}
    m_Modifications:
    - target: {fileID: 1571269459160142636, guid: 8df045e38899f489ca6d34c110a907d5,
        type: 3}
      propertyPath: points
      value: 50
      objectReference: {fileID: 0}
    - target: {fileID: 3357983452719977219, guid: 8df045e38899f489ca6d34c110a907d5,
        type: 3}
      propertyPath: m_LocalPosition.x
      value: -11.6
      objectReference: {fileID: 0}
    - target: {fileID: 3357983452719977219, guid: 8df045e38899f489ca6d34c110a907d5,
        type: 3}
      propertyPath: m_LocalPosition.y
      value: 1.1000001
      objectReference: {fileID: 0}
    - target: {fileID: 3357983452719977219, guid: 8df045e38899f489ca6d34c110a907d5,
        type: 3}
      propertyPath: m_LocalPosition.z
      value: -5.249254
      objectReference: {fileID: 0}
    - target: {fileID: 3357983452719977219, guid: 8df045e38899f489ca6d34c110a907d5,
        type: 3}
      propertyPath: m_LocalRotation.x
      value: -0
      objectReference: {fileID: 0}
    - target: {fileID: 3357983452719977219, guid: 8df045e38899f489ca6d34c110a907d5,
        type: 3}
      propertyPath: m_LocalRotation.y
      value: -0
      objectReference: {fileID: 0}
    - target: {fileID: 3357983452719977219, guid: 8df045e38899f489ca6d34c110a907d5,
        type: 3}
      propertyPath: m_LocalRotation.z
      value: -0
      objectReference: {fileID: 0}
    - target: {fileID: 3357983452719977219, guid: 8df045e38899f489ca6d34c110a907d5,
        type: 3}
      propertyPath: m_LocalRotation.w
      value: 1
      objectReference: {fileID: 0}
    - target: {fileID: 3357983452719977219, guid: 8df045e38899f489ca6d34c110a907d5,
        type: 3}
      propertyPath: m_RootOrder
      value: 14
      objectReference: {fileID: 0}
    - target: {fileID: 3357983452719977219, guid: 8df045e38899f489ca6d34c110a907d5,
        type: 3}
      propertyPath: m_LocalEulerAnglesHint.x
      value: 0
      objectReference: {fileID: 0}
    - target: {fileID: 3357983452719977219, guid: 8df045e38899f489ca6d34c110a907d5,
        type: 3}
      propertyPath: m_LocalEulerAnglesHint.y
      value: 0
      objectReference: {fileID: 0}
    - target: {fileID: 3357983452719977219, guid: 8df045e38899f489ca6d34c110a907d5,
        type: 3}
      propertyPath: m_LocalEulerAnglesHint.z
      value: 0
      objectReference: {fileID: 0}
    - target: {fileID: 5490649941159831783, guid: 8df045e38899f489ca6d34c110a907d5,
        type: 3}
      propertyPath: m_Name
      value: Brick (18)
      objectReference: {fileID: 0}
    m_RemovedComponents: []
  m_SourcePrefab: {fileID: 100100000, guid: 8df045e38899f489ca6d34c110a907d5, type: 3}
--- !u!4 &7317246086823224642 stripped
Transform:
  m_CorrespondingSourceObject: {fileID: 3357983452719977219, guid: 8df045e38899f489ca6d34c110a907d5,
    type: 3}
  m_PrefabInstance: {fileID: 5410477524586378817}
  m_PrefabAsset: {fileID: 0}
--- !u!1001 &7185759854360398174
PrefabInstance:
  m_ObjectHideFlags: 0
  serializedVersion: 2
  m_Modification:
    m_TransformParent: {fileID: 3972869291591020441}
    m_Modifications:
    - target: {fileID: 1571269459160142636, guid: 8df045e38899f489ca6d34c110a907d5,
        type: 3}
      propertyPath: points
      value: 50
      objectReference: {fileID: 0}
    - target: {fileID: 3357983452719977219, guid: 8df045e38899f489ca6d34c110a907d5,
        type: 3}
      propertyPath: m_LocalPosition.x
      value: -19.1
      objectReference: {fileID: 0}
    - target: {fileID: 3357983452719977219, guid: 8df045e38899f489ca6d34c110a907d5,
        type: 3}
      propertyPath: m_LocalPosition.y
      value: 1.2000005
      objectReference: {fileID: 0}
    - target: {fileID: 3357983452719977219, guid: 8df045e38899f489ca6d34c110a907d5,
        type: 3}
      propertyPath: m_LocalPosition.z
      value: -5.249254
      objectReference: {fileID: 0}
    - target: {fileID: 3357983452719977219, guid: 8df045e38899f489ca6d34c110a907d5,
        type: 3}
      propertyPath: m_LocalRotation.x
      value: -0
      objectReference: {fileID: 0}
    - target: {fileID: 3357983452719977219, guid: 8df045e38899f489ca6d34c110a907d5,
        type: 3}
      propertyPath: m_LocalRotation.y
      value: -0
      objectReference: {fileID: 0}
    - target: {fileID: 3357983452719977219, guid: 8df045e38899f489ca6d34c110a907d5,
        type: 3}
      propertyPath: m_LocalRotation.z
      value: -0
      objectReference: {fileID: 0}
    - target: {fileID: 3357983452719977219, guid: 8df045e38899f489ca6d34c110a907d5,
        type: 3}
      propertyPath: m_LocalRotation.w
      value: 1
      objectReference: {fileID: 0}
    - target: {fileID: 3357983452719977219, guid: 8df045e38899f489ca6d34c110a907d5,
        type: 3}
      propertyPath: m_RootOrder
      value: 13
      objectReference: {fileID: 0}
    - target: {fileID: 3357983452719977219, guid: 8df045e38899f489ca6d34c110a907d5,
        type: 3}
      propertyPath: m_LocalEulerAnglesHint.x
      value: 0
      objectReference: {fileID: 0}
    - target: {fileID: 3357983452719977219, guid: 8df045e38899f489ca6d34c110a907d5,
        type: 3}
      propertyPath: m_LocalEulerAnglesHint.y
      value: 0
      objectReference: {fileID: 0}
    - target: {fileID: 3357983452719977219, guid: 8df045e38899f489ca6d34c110a907d5,
        type: 3}
      propertyPath: m_LocalEulerAnglesHint.z
      value: 0
      objectReference: {fileID: 0}
    - target: {fileID: 5490649941159831783, guid: 8df045e38899f489ca6d34c110a907d5,
        type: 3}
      propertyPath: m_Name
      value: Brick (17)
      objectReference: {fileID: 0}
    m_RemovedComponents: []
  m_SourcePrefab: {fileID: 100100000, guid: 8df045e38899f489ca6d34c110a907d5, type: 3}
--- !u!4 &5557730753731205725 stripped
Transform:
  m_CorrespondingSourceObject: {fileID: 3357983452719977219, guid: 8df045e38899f489ca6d34c110a907d5,
    type: 3}
  m_PrefabInstance: {fileID: 7185759854360398174}
  m_PrefabAsset: {fileID: 0}
--- !u!1001 &7393907713709594190
PrefabInstance:
  m_ObjectHideFlags: 0
  serializedVersion: 2
  m_Modification:
    m_TransformParent: {fileID: 3972869291591020441}
    m_Modifications:
    - target: {fileID: 1571269459160142636, guid: 8df045e38899f489ca6d34c110a907d5,
        type: 3}
      propertyPath: points
      value: 50
      objectReference: {fileID: 0}
    - target: {fileID: 3357983452719977219, guid: 8df045e38899f489ca6d34c110a907d5,
        type: 3}
      propertyPath: m_LocalPosition.x
      value: -22.7
      objectReference: {fileID: 0}
    - target: {fileID: 3357983452719977219, guid: 8df045e38899f489ca6d34c110a907d5,
        type: 3}
      propertyPath: m_LocalPosition.y
      value: -2.5999997
      objectReference: {fileID: 0}
    - target: {fileID: 3357983452719977219, guid: 8df045e38899f489ca6d34c110a907d5,
        type: 3}
      propertyPath: m_LocalPosition.z
      value: -5.249254
      objectReference: {fileID: 0}
    - target: {fileID: 3357983452719977219, guid: 8df045e38899f489ca6d34c110a907d5,
        type: 3}
      propertyPath: m_LocalRotation.x
      value: -0
      objectReference: {fileID: 0}
    - target: {fileID: 3357983452719977219, guid: 8df045e38899f489ca6d34c110a907d5,
        type: 3}
      propertyPath: m_LocalRotation.y
      value: -0
      objectReference: {fileID: 0}
    - target: {fileID: 3357983452719977219, guid: 8df045e38899f489ca6d34c110a907d5,
        type: 3}
      propertyPath: m_LocalRotation.z
      value: -0
      objectReference: {fileID: 0}
    - target: {fileID: 3357983452719977219, guid: 8df045e38899f489ca6d34c110a907d5,
        type: 3}
      propertyPath: m_LocalRotation.w
      value: 1
      objectReference: {fileID: 0}
    - target: {fileID: 3357983452719977219, guid: 8df045e38899f489ca6d34c110a907d5,
        type: 3}
      propertyPath: m_RootOrder
      value: 6
      objectReference: {fileID: 0}
    - target: {fileID: 3357983452719977219, guid: 8df045e38899f489ca6d34c110a907d5,
        type: 3}
      propertyPath: m_LocalEulerAnglesHint.x
      value: 0
      objectReference: {fileID: 0}
    - target: {fileID: 3357983452719977219, guid: 8df045e38899f489ca6d34c110a907d5,
        type: 3}
      propertyPath: m_LocalEulerAnglesHint.y
      value: 0
      objectReference: {fileID: 0}
    - target: {fileID: 3357983452719977219, guid: 8df045e38899f489ca6d34c110a907d5,
        type: 3}
      propertyPath: m_LocalEulerAnglesHint.z
      value: 0
      objectReference: {fileID: 0}
    - target: {fileID: 5490649941159831783, guid: 8df045e38899f489ca6d34c110a907d5,
        type: 3}
      propertyPath: m_Name
      value: Brick (10)
      objectReference: {fileID: 0}
    m_RemovedComponents: []
  m_SourcePrefab: {fileID: 100100000, guid: 8df045e38899f489ca6d34c110a907d5, type: 3}
--- !u!4 &5189725449121285453 stripped
Transform:
  m_CorrespondingSourceObject: {fileID: 3357983452719977219, guid: 8df045e38899f489ca6d34c110a907d5,
    type: 3}
  m_PrefabInstance: {fileID: 7393907713709594190}
  m_PrefabAsset: {fileID: 0}
--- !u!1001 &8996862233636652659
PrefabInstance:
  m_ObjectHideFlags: 0
  serializedVersion: 2
  m_Modification:
    m_TransformParent: {fileID: 3972869291591020441}
    m_Modifications:
    - target: {fileID: 1571269459160142636, guid: 8df045e38899f489ca6d34c110a907d5,
        type: 3}
      propertyPath: points
      value: 50
      objectReference: {fileID: 0}
    - target: {fileID: 3357983452719977219, guid: 8df045e38899f489ca6d34c110a907d5,
        type: 3}
      propertyPath: m_LocalPosition.x
      value: -22.7
      objectReference: {fileID: 0}
    - target: {fileID: 3357983452719977219, guid: 8df045e38899f489ca6d34c110a907d5,
        type: 3}
      propertyPath: m_LocalPosition.y
      value: 1.2000005
      objectReference: {fileID: 0}
    - target: {fileID: 3357983452719977219, guid: 8df045e38899f489ca6d34c110a907d5,
        type: 3}
      propertyPath: m_LocalPosition.z
      value: -5.249254
      objectReference: {fileID: 0}
    - target: {fileID: 3357983452719977219, guid: 8df045e38899f489ca6d34c110a907d5,
        type: 3}
      propertyPath: m_LocalRotation.x
      value: -0
      objectReference: {fileID: 0}
    - target: {fileID: 3357983452719977219, guid: 8df045e38899f489ca6d34c110a907d5,
        type: 3}
      propertyPath: m_LocalRotation.y
      value: -0
      objectReference: {fileID: 0}
    - target: {fileID: 3357983452719977219, guid: 8df045e38899f489ca6d34c110a907d5,
        type: 3}
      propertyPath: m_LocalRotation.z
      value: -0
      objectReference: {fileID: 0}
    - target: {fileID: 3357983452719977219, guid: 8df045e38899f489ca6d34c110a907d5,
        type: 3}
      propertyPath: m_LocalRotation.w
      value: 1
      objectReference: {fileID: 0}
    - target: {fileID: 3357983452719977219, guid: 8df045e38899f489ca6d34c110a907d5,
        type: 3}
      propertyPath: m_RootOrder
      value: 11
      objectReference: {fileID: 0}
    - target: {fileID: 3357983452719977219, guid: 8df045e38899f489ca6d34c110a907d5,
        type: 3}
      propertyPath: m_LocalEulerAnglesHint.x
      value: 0
      objectReference: {fileID: 0}
    - target: {fileID: 3357983452719977219, guid: 8df045e38899f489ca6d34c110a907d5,
        type: 3}
      propertyPath: m_LocalEulerAnglesHint.y
      value: 0
      objectReference: {fileID: 0}
    - target: {fileID: 3357983452719977219, guid: 8df045e38899f489ca6d34c110a907d5,
        type: 3}
      propertyPath: m_LocalEulerAnglesHint.z
      value: 0
      objectReference: {fileID: 0}
    - target: {fileID: 5490649941159831783, guid: 8df045e38899f489ca6d34c110a907d5,
        type: 3}
      propertyPath: m_Name
      value: Brick (15)
      objectReference: {fileID: 0}
    m_RemovedComponents: []
  m_SourcePrefab: {fileID: 100100000, guid: 8df045e38899f489ca6d34c110a907d5, type: 3}
--- !u!4 &5927496460173694320 stripped
Transform:
  m_CorrespondingSourceObject: {fileID: 3357983452719977219, guid: 8df045e38899f489ca6d34c110a907d5,
    type: 3}
  m_PrefabInstance: {fileID: 8996862233636652659}
  m_PrefabAsset: {fileID: 0}
